 Dungeon Crawl Stone Soup version 0.23-a0-643-g9ccc95a (webtiles) character file.

122 MalarOregon the Poker (level 5, 0/41 HPs)
             Began as a Merfolk Gladiator on Jan 1, 2019.
             Slain by Pikel
             ... wielding a +1 whip of flaming
              (8 damage)
             ... on level 4 of the Dungeon.
             The game lasted 00:04:36 (2260 turns).

MalarOregon the Poker (Merfolk Gladiator)           Turns: 2260, Time: 00:04:36

Health: 0/41       AC:  5    Str: 14    XL:     5   Next: 6%
Magic:  5/5        EV: 20    Int:  9    God:
Gold:   96         SH:  0    Dex: 20    Spells: 4/4 levels left

rFire    . . .     SeeInvis .   a - +0 trident
rCold    . . .     Gourm    .   (no shield)
rNeg     . . .     Faith    .   h - +0 leather armour
rPois    .         Spirit   .   c - +0 helmet
rElec    .         Reflect  .   (no cloak)
rCorr    .         Harm     .   u - +0 pair of gloves (curse)
MR       .....                  (no boots)
Stlth    +++.......             (no amulet)
HPRegen  0.13/turn              (no ring)
MPRegen  0.09/turn              (no ring)

@: agile
A: change form in water, swift swim, stealthy swim
a: no special abilities


You were on level 4 of the Dungeon.
You were hungry.

You visited 1 branch of the dungeon, and saw 4 of its levels.

You collected 96 gold pieces.

Inventory:

Hand Weapons
 a - a +0 trident (weapon)
 b - a +0 blowgun
   (You took it off a kobold on level 3 of the Dungeon)
Missiles
 d - 3 throwing nets {!f}
 j - 96 stones (quivered)
 q - 43 poisoned needles
Armour
 c - a +0 helmet (worn)
 h - a +0 leather armour (worn)
 u - a cursed +0 pair of gloves (worn)
   (You found it on level 2 of the Dungeon)
Jewellery
 o - an uncursed ring of flight {unknown}
   (You found it on level 2 of the Dungeon)
Scrolls
 f - 5 scrolls of identify {unknown}
 l - a scroll of enchant armour {unknown}
 m - a scroll of random uselessness {unknown}
 p - a scroll of blinking {unknown}
 s - 3 scrolls of remove curse {unknown}
 t - 2 scrolls of fear {unknown}
 w - a scroll of noise {unknown}
 x - a scroll of magic mapping {unknown}
 y - a scroll of enchant weapon {unknown}
Potions
 g - a potion of degeneration {unknown}
 i - a potion of haste {@q3}
 k - a potion of flight {unknown}
 n - a potion of brilliance {unknown}
 r - a potion of might {unknown}
 v - a potion of agility
 z - a potion of ambrosia {unknown}
Comestibles
 e - 3 rations {!d}
 A - 2 chunks of flesh


   Skills:
 + Level 3.0 Fighting
 * Level 5.6 Polearms
 * Level 3.0 Throwing
 + Level 1.0 Armour
 + Level 4.7 Dodging


You had 4 spell levels left.
You didn't know any spells.
Your spell library was empty.

Dungeon Overview and Level Annotations

Branches:
Dungeon (4/15)
 Temple: D:4-7

Altars:

Annotations:
D:4 Pikel


Message History

You completely miss Pikel.
Pikel scowls and wipes his hands on his robe.
Pikel completely misses you.
You hit Pikel. Pikel closely misses you.
You closely miss Pikel.
Pikel hits you with a +1 whip of flaming.
Pikel burns you.
You hit Pikel but do no damage.
Pikel hits you with a +1 whip of flaming.
Pikel burns you.
You closely miss Pikel.
Pikel hits you with a +1 whip of flaming.
Pikel burns you.
You hit Pikel. Pikel barely misses you.
Unknown command.
It was a potion of agility.
You feel agile all of a sudden.
Pikel says, "You'll fetch a fair price!"
Pikel completely misses you.
You hit Pikel. Pikel hits you but does no damage.
You hit Pikel but do no damage. Pikel completely misses you.
You hit Pikel. Pikel hits you but does no damage.
You closely miss Pikel. Pikel misses you.
You closely miss Pikel. Pikel closely misses you.
You hit Pikel.
Pikel hits you with a +1 whip of flaming.
Pikel burns you.
* * * LOW HITPOINT WARNING * * *
You hit Pikel. Pikel misses you.
You hit Pikel but do no damage.
Pikel hits you with a +1 whip of flaming.
* * * LOW HITPOINT WARNING * * *
Pikel burns you.
* * * LOW HITPOINT WARNING * * *
You closely miss Pikel. Pikel barely misses you.
You barely miss Pikel. Pikel completely misses you.
You closely miss Pikel. Pikel closely misses you.
You hit Pikel. Pikel misses you.
You hit Pikel. Pikel barely misses you.
You closely miss Pikel. Pikel barely misses you.
You closely miss Pikel. Pikel misses you.
You closely miss Pikel.
Pikel hits you with a +1 whip of flaming!
* * * LOW HITPOINT WARNING * * *
Pikel burns you.
* * * LOW HITPOINT WARNING * * *
Pikel misses you.
You hit Pikel but do no damage.
Pikel hits you with a +1 whip of flaming!
You die... ####### #.# #.....# #.# #.....# #.# #....(# #.# ..p.. #.# ppp

#.# #K#
##.#####@#### #
#..#........##.#
#.##.####......#
#.......#...####
#รท..........#
#..###..#...#
#########..#
#...####
..))...##..###...#
###..>........)..#


You could see Pikel and 4 slaves.

Vanquished Creatures
  3 adders
  6 worms
  2 dart slugs
  3 leopard geckos
  4 orcs
  5 giant cockroaches
  11 goblins
  6 hobgoblins
  2 quokkas (D:3)
  7 bats
  6 frilled lizards
  A jackal skeleton (D:4)
  6 kobolds
  6 rats
68 creatures vanquished.

Notes
Turn   | Place    | Note
-------+----------+-------------------------------------------
     0 | D:1      | MalarOregon the Merfolk Gladiator began the quest for the
                  | Orb.
     0 | D:1      | Reached XP level 1. HP: 16/16 MP: 1/1
   119 | D:1      | Reached XP level 2. HP: 23/23 MP: 2/2
   504 | D:1      | Reached skill level 5 in Polearms
   515 | D:1      | Reached XP level 3. HP: 25/28 MP: 3/3
   896 | D:2      | Reached XP level 4. HP: 23/34 MP: 4/4
  1908 | D:4      | Reached skill level 1 in Armour
  2181 | D:4      | Reached XP level 5. HP: 41/41 MP: 5/5
  2226 | D:4      | Noticed a slave
  2228 | D:4      | Noticed Pikel
  2228 | D:4      | Noticed a slave
  2228 | D:4      | Noticed a slave
  2228 | D:4      | Noticed a slave
  2260 | D:4      | Slain by Pikel

Vault maps used:
D:1:      psy_arrival_fountain, grunt_decor_arrowhead
D:2:      minmay_misc_feat_nine_boxes
D:3:      grunt_ministairs_2
D:4:      first_ration, st_stairs_13, uniq_pikel

Skill      XL: |  1  2  3  4  5 |
---------------+----------------+-----
Polearms       | 5 |  5.6
Fighting       | 3 |  3.0
Armour         | 1 |  1.0
Throwing       | 3 |  3.0
Dodging        | |  4.7

Action                   |  1- 3 |  4- 6 || total
-------------------------+-------+-------++-------
Melee: Trident           |   117 |   150 ||   267
Throw: Stone             |       |    23 ||    23
  Use: Potion            |     2 |     1 ||     3
 Stab: Sleeping          |     3 |     1 ||     4
  Eat: Chunk             |       |     4 ||     4
Armor: Leather armour    |    15 |     9 ||    24
Dodge: Dodged            |    63 |    85 ||   148

Table legend:
 A = Non-vault XP
 B = Vault XP
 C = Vault XP percentage of total XP
 D = Non-vault monster count
 E = Vault monster count
 F = Vault count percentage of total count
                 A         B        C        D         E       F
            +---------+---------+-------+---------+---------+-------
      Total |     168 |       7 |   4.0 |      66 |       2 |   2.9
            +---------+---------+-------+---------+---------+-------
        D:1 |      49 |       0 |   0.0 |      24 |       0 |   0.0
        D:2 |      65 |       0 |   0.0 |      22 |       0 |   0.0
        D:3 |      28 |       7 |  20.0 |      14 |       2 |  12.5
        D:4 |      26 |       0 |   0.0 |       6 |       0 |   0.0
            +---------+---------+-------+---------+---------+-------
